AoeStats
← Daarth Vader

Fortress

510381780Analyzed
1v1 RM · 1d ago on Sep 30, 2026· 19m 58s· 2 players
Game mode
Random Map
Map size
Small (3 player)
Population
200
Speed
Normal
Resources
Standard
Victory
Conquest
Starting age
Dark Age
Ending age
Imperial Age
RankedLock teamsTeams togetherTeam positionsShared explorationLock speedFull tech treeHidden civsTurbo modeCheats
Victory
Defeat
🇪🇸 Cumans · Spain
1260
+18
🇺🇸 Danes · United States
1296
-18
davidrc1975
8:21 Feudal Age
9:13 Double-Bit Axe
10:44 Horse Collar
14:29 Castle Age
20:26 Fletching
20:36 Padded Archer Armor
Daarth Vader
7:56 Feudal Age
7:18 Loom
11:31 Castle Age
9:50 Scale Mail Armor
10:01 Forging
10:01 Double-Bit Axe
11:07 Arson
12:14 Squires
Connection lost

Rejoining the realm…

Still unreachable

The connection could not be restored.

Session expired

The server has moved on; the page needs a fresh start.